Map: Curious Minds LE

Players

Nina

  • Race: Protoss Protoss
  • League: Grandmaster

Kelazhur - Winner!

  • Race: Terran Terran

Event: DreamHack SC2 Masters Last Chance 2022

VOD

Have the link to the VOD?

Description

Time

  • Played on: Dec. 19, 2021, 7:15 p.m.
  • Length: 9:57

All games in this series

Show
View Real Time Build Order
Export as new Build Order

Nina Protoss 

Build Orders: 1 Gate Expand, Blink Stalkers 

Get SALT Encoding   

  12  0:00  Probe  
  13  0:12  Probe  
  14  0:19  Pylon  
  14  0:24  Probe  
  15  0:37  Probe (Chrono Boost)  
  15  0:39  Gateway  
  16  0:47  Probe (Chrono Boost)  
  17  0:52  Probe (Chrono Boost)  
  17  0:55  Assimilator  
  18  1:03  Probe  
  19  1:16  Probe  
  20  1:26  Nexus  
  20  1:37  Cybernetics Core  
  20  1:41  Probe  
  21  1:48  Pylon  
  21  1:53  Assimilator  
  21  1:55  Probe  
  22  2:07  Probe  
  23  2:12  Stalker (Chrono Boost)  
  25  2:15  Warp Gate  
  25  2:19  Probe  
  26  2:27  Shield Battery  
  25  2:31  Probe  
  25  2:35  Stalker  
  28  2:41  Probe  
  28  2:43  Probe  
  30  2:53  Probe  
  30  2:55  Probe  
  32  3:03  Twilight Council  
  32  3:05  Probe  
  33  3:07  Probe  
  33  3:12  Stalker  
  36  3:24  Probe (Chrono Boost)  
  37  3:27  Probe (Chrono Boost)  
  38  3:34  Robotics Facility  
  38  3:36  Probe (Chrono Boost)  
  38  3:38  Probe (Chrono Boost)  
  40  3:42  Blink (Chrono Boost), Probe (Chrono Boost)  
  40  3:43  Probe (Chrono Boost)  
  42  3:53  Probe (Chrono Boost)  
  42  3:54  Probe (Chrono Boost)  
  44  3:57  Pylon  
  44  4:00  Gateway  
  46  4:04  Probe (Chrono Boost)  
  46  4:06  Probe (Chrono Boost)  
  46  4:12  Pylon  
  46  4:13  Assimilator  
  46  4:15  Gateway, Probe  
  47  4:17  Probe  
  47  4:22  Stalker  
  47  4:23  Observer (Chrono Boost)  
  51  4:27  Probe  
  51  4:29  Probe  
  53  4:38  Pylon  
  53  4:40  Probe  
  53  4:41  Probe  
  53  4:46  Stalker  
  53  4:52  Probe  
  56  4:53  Probe  
  57  5:01  Observer (Chrono Boost)  
  57  5:03  Stalker  
  57  5:04  Probe  
  57  5:05  Pylon  
  57  5:06  Probe  
  62  5:12  Nexus  
  62  5:15  Assimilator  
  62  5:19  Observer (Chrono Boost)  
  63  5:24  Zealot  
  63  5:26  Probe  
  63  5:27  Probe  
  67  5:30  Gateway  
  67  5:34  Gateway  
  67  5:36  Charge  
  67  5:38  Gateway  
  67  5:39  Observer  
  67  5:40  Observer  
  67  5:41  Probe x2  
  69  5:46  Robotics Bay  
  69  5:52  Stalker  
  69  5:53  Probe  
  69  5:54  Probe  
  69  5:55  Observer  
  73  5:59  Pylon  
  73  6:03  Sentry x2  
  77  6:05  Probe  
  77  6:09  Gateway  
  78  6:14  Pylon  
  78  6:16  Immortal (Chrono Boost)  
  78  6:17  Probe  
  79  6:21  Sentry  
  79  6:23  Probe  
  79  6:24  Probe  
  87  6:29  Zealot  
  87  6:31  Pylon  
  90  6:32  Probe  
  90  6:34  Observer  
  90  6:37  Probe  
  91  6:45  Probe  
  88  6:49  Observer  
  88  6:52  Stalker x2  
  88  6:57  Probe  
  89  7:02  Probe  
  89  7:04  Probe  
  91  7:10  Zealot x4  
  91  7:12  Probe  
  101  7:18  Zealot x2  
  104  7:27  Immortal (Chrono Boost)  
  104  7:28  Pylon  
  108  7:33  Shield Battery  
  108  7:35  Shield Battery  
  108  7:37  Pylon  
  108  7:42  Pylon  
  108  7:51  Zealot x4  
  108  7:56  Zealot  
  108  7:57  Pylon  
  118  7:59  Pylon  
  118  8:03  Zealot x2  
  118  8:09  Colossus  
  112  8:14  Zealot x2  
  112  8:18  Zealot  
  112  8:19  Probe  
  119  8:23  Zealot  
  119  8:28  Zealot x2  
  105  8:34  Zealot x3  
  107  8:42  Zealot  
  108  8:50  Zealot x3  
  104  8:58  Zealot x3  
  94  9:03  Zealot  
  94  9:05  Disruptor (Chrono Boost)  
  94  9:09  Zealot x2  
  99  9:11  Zealot  
  99  9:16  Zealot x2  
  103  9:19  Zealot, Templar Archives  
  103  9:23  Zealot  
  107  9:25  Zealot  
  107  9:28  Zealot  
  107  9:31  Pylon  
  114  9:39  Zealot  
  114  9:40  Zealot x2  
  120  9:47  Zealot x2  
  106  9:52  Zealot  
  106  9:53  Zealot  
Show
View Real Time Build Order
Export as new Build Order

Kelazhur Terran - Winner!

Build Orders: Reaper Expand 

Get SALT Encoding   

  12  0:00  SCV  
  13  0:12  SCV  
  14  0:17  Supply Depot  
  14  0:24  SCV  
  15  0:38  SCV  
  15  0:39  Barracks  
  16  0:43  Refinery  
  16  0:50  SCV  
  17  1:03  SCV  
  18  1:15  SCV  
  19  1:27  Reaper, Orbital Command  
  20  1:46  Command Center  
  20  1:53  Supply Depot, SCV  
  21  1:59  Marine  
  22  2:04  Bunker  
  22  2:05  SCV  
  23  2:13  Factory  
  23  2:17  SCV  
  23  2:21  Refinery  
  23  2:22  Barracks Reactor  
  24  2:29  SCV  
  25  2:41  SCV  
  26  2:53  SCV  
  26  2:58  Starport, Orbital Command  
  27  3:00  Marine x2  
  27  3:02  Widow Mine  
  31  3:06  SCV  
  32  3:13  Orbital Command  
  32  3:18  SCV, Marine x2  
  34  3:28  Widow Mine  
  34  3:31  SCV  
  34  3:32  Bunker  
  37  3:35  Medivac  
  37  3:40  Supply Depot  
  37  3:41  SCV  
  40  3:42  Marine x2  
  40  3:43  SCV  
  43  3:53  SCV  
  43  3:55  SCV  
  45  3:59  Factory Tech Lab  
  45  4:02  Marine x2  
  47  4:05  SCV  
  47  4:06  Supply Depot  
  47  4:07  SCV  
  47  4:09  Starport Tech Lab  
  49  4:17  SCV, Siege Tank  
  49  4:19  SCV  
  54  4:25  Barracks  
  54  4:27  Banshee, Marine x2  
  54  4:29  SCV  
  60  4:31  SCV  
  60  4:33  Cloaking Field  
  61  4:41  SCV  
  62  4:45  Marine  
  62  4:46  SCV  
  62  4:51  Supply Depot  
  62  4:54  Supply Depot  
  62  4:56  Barracks  
  62  5:05  Refinery  
  62  5:06  Refinery, Engineering Bay  
  62  5:09  SCV x2, Siege Tank, Marine x2  
  62  5:13  Marine  
  70  5:15  Banshee  
  73  5:21  SCV x2  
  73  5:22  Supply Depot  
  75  5:29  Marine x2  
  75  5:32  Barracks Tech Lab  
  75  5:33  SCV  
  78  5:36  SCV  
  78  5:41  Supply Depot  
  82  5:46  SCV  
  82  5:49  SCV  
  81  5:51  Terran Infantry Weapons Level 1  
  81  5:52  Stimpack  
  81  5:53  Marauder, Marine x2  
  81  5:54  Factory Reactor  
  81  5:55  Marauder  
  87  5:58  SCV  
  87  5:59  Supply Depot  
  87  6:03  Combat Shield  
  88  6:10  Supply Depot  
  87  6:14  Marauder  
  87  6:16  Marine x2  
  87  6:17  Marauder  
  93  6:28  Command Center  
  93  6:36  Marauder, Marine x2  
  93  6:38  Marauder  
  97  6:54  Medivac x2, Marine x2  
  98  6:57  Marauder, Siege Tank  
  98  6:59  Marauder, Barracks  
  110  7:02  Barracks  
  110  7:15  Marine x2  
  112  7:24  Marauder x2  
  112  7:26  Medivac  
  112  7:27  Concussive Shells  
  118  7:32  Supply Depot x2  
  118  7:39  Marine x2  
  118  7:40  Medivac, Siege Tank  
  123  7:54  Marauder x2, Barracks Tech Lab, Barracks Reactor  
  123  7:56  SCV x2  
  126  8:12  Siege Tank, Marine  
  123  8:13  Marauder, Marine  
  123  8:15  Marauder x2, SCV x2  
  123  8:19  Orbital Command  
  127  8:27  SCV x2  
  127  8:30  Marine  
  118  8:34  Marauder  
  118  8:35  Marine x3  
  118  8:37  Marauder x2  
  118  8:40  SCV x2  
  129  8:44  Siege Tank  
  129  8:48  Marine  
  132  8:52  SCV, Marine  
  132  8:53  Marine  
  129  8:56  Marauder  
  129  8:58  Marauder x2  
  129  9:01  Marine  
  127  9:06  SCV, Marine  
  127  9:07  SCV  
  130  9:10  SCV, Marine x2  
  130  9:14  Liberator  
  138  9:17  Marauder  
  138  9:19  Marauder x2  
  138  9:20  SCV  
  144  9:25  Refinery  
  144  9:27  Refinery  
  144  9:30  Supply Depot  
  147  9:34  Marine x2  

Tags
 
Add a new tag
Caveats
  • Supply blocks, unpowered buildings, or Contaminate may cause inaccurate times.
  • Supply counts are checked every 10 seconds.